[Event "Late-Titled-Tuesday-Blitz-May-28-2024"]
[Site "Chess.com"]
[Date "2024.05.28"]
[Round "3"]
[White "NikaVolkov"]
[Black "FairChess_on_YouTube"]
[Result "0-1"]
[WhiteElo "2756"]
[BlackElo "3082"]
[TimeControl "180+1"]
[EndTime "14:27:20 PDT"]
[Termination "FairChess_on_YouTube won by resignation"]

1. d4 Nf6 2. Nf3 e6 3. e3 b6 4. Be2 Bb7 5. O-O c5 6. c4 cxd4 7. Nxd4 Nc6 8. Nc3 Be7 9. b3 Nxd4 10. Qxd4 O-O 11. Bb2 Qc7 12. Nb5 Qc5 13. Qh4 Qf5 14. Nd4 Qg6 15. Qg3 Ne4 16. Qxg6 hxg6 17. Rfd1 Rfd8 18. Bf3 f5 19. Rac1 g5 20. h3 a6 21. Ne2 Bc5 22. a3 a5 23. Nc3 Nxc3 24.
Rxc3 Bxf3 25. gxf3 Kf7 26. Rcd3 d6 27. Kg2 Rh8 28.
Rb1 Rh4 29. Bc1 d5 30. cxd5 Rah8 31. dxe6+ Kxe6 32. Kf1 Rxh3 33. b4 axb4 34. axb4 Be7 35. Ke2 Rh1 36. Rd1 Rxd1 37. Kxd1 Rh1+ 38. Ke2 g4 39. fxg4 fxg4 40. e4 Bg5 0-1

[Event "Late-Titled-Tuesday-Blitz-May-28-2024"]
[Site "Chess.com"]
[Date "2024.05.28"]
[Round "3"]
[White "EsmeraldasAnderson03"]
[Black "nindjaxx8"]
[Result "0-1"]
[WhiteElo "2465"]
[BlackElo "2639"]
[TimeControl "180+1"]
[EndTime "14:27:22 PDT"]
[Termination "nindjaxx8 won by resignation"]

1. d4 d5 2. c4 e6 3. cxd5 exd5 4. Nc3 Nf6 5. Qc2 Be7 6. Nf3 O-O 7. Bg5 b6 8. e3 Bb7 9. Bd3 h6 10. Bh4 Nbd7 11. O-O c5 12. dxc5 bxc5 13. Rfd1 Rc8 14. Rac1 d4 15. Ne4 c4 16. Nxf6+ Bxf6 17. Bh7+ Kh8 18. Bxf6 Qxf6 19. Rxd4 Bxf3 20. gxf3 Ne5 21. Rf4 Qg5+ 22. Kh1 g6 23. Rg1 Qh5 24. Qe4 Kxh7 25.
Rh4 Qxf3+ 26. Qxf3 Nxf3 27. Rf4 Nxg1 28. Kxg1 Kg7 29.
b3 c3 0-1

[Event "Late-Titled-Tuesday-Blitz-May-28-2024"]
[Site "Chess.com"]
[Date "2024.05.28"]
[Round "3"]
[White "secretworker2027"]
[Black "Balla_Tamas"]
[Result "1-0"]
[WhiteElo "2619"]
[BlackElo "2448"]
[TimeControl "180+1"]
[EndTime "14:27:23 PDT"]
[Termination "secretworker2027 won by resignation"]

1. e4 c5 2. Nf3 Nc6 3. d4 cxd4 4.
Nxd4 e5 5. Nb5 d6 6. N1c3 a6 7.
Nd5 axb5 8. Be3 Be6 9. Bb6 Qc8 10. Bxb5 Be7 11. Nc7+ Kf8 12. Nxa8 Qxa8 13. O-O g6 14. c3 Nf6 15. Re1 Kg7 16. a4 Bd8 17. Be3 Bc7 18.
f3 Rd8 19. c4 Qa5 20. Kh1 Bb6 21. Bd2 Qa7 22. b4 Nd4 23. a5 Bc7 24. Be3 Rc8 25. Qd3 Bd8 26. Rad1 Nh5 27. g4 Nf6 28. Kg2 h5 29. g5 Nd7 30. h4 b6 31. Bxd4 exd4 32. Qxd4+ Kh7 33. Qxd6 Rc7 34. axb6 Qxb6 35. Qxb6 Nxb6 36.
Rxd8 1-0

[Event "Late-Titled-Tuesday-Blitz-May-28-2024"]
[Site "Chess.com"]
[Date "2024.05.28"]
[Round "3"]
[White "Boninknights"]
[Black "ncofre98"]
[Result "1-0"]
[WhiteElo "2421"]
[BlackElo "2593"]
[TimeControl "180+1"]
[EndTime "14:27:23 PDT"]
[Termination "Boninknights won by resignation"]

1. d4 Nf6 2. Nf3 g6 3. c4 Bg7 4. Nc3 O-O 5. e4 d6 6. Be2 Bg4 7. Be3 Nc6 8. O-O Nd7 9. d5 Bxf3 10. Bxf3 Ncb8 11. Rc1 c6 12. b4 c5 13. a3 a5 14.
bxc5 Nxc5 15. Bxc5 dxc5 16. Na4 Nd7 17. Bg4 Bd4 18. Bxd7 Qxd7 19. Nb6 Qc7 20. Nxa8 Rxa8 21. Kh1 Qf4 22. Qd3 h5 23. g3 Qg4 24. f4 Kg7 25. e5 Rh8 26. Qf3 Qf5 27. h3 Qd7 28.
Kg2 b5 29. cxb5 Qxb5 30. Rc2 Qa4 31. Re2 Rb8 32. f5 Rb3 33. f6+ Kg8 34. Qf4 Qd7 35. Qh6 exf6 36. exf6 1-0

[Event "Late-Titled-Tuesday-Blitz-May-28-2024"]
[Site "Chess.com"]
[Date "2024.05.28"]
[Round "3"]
[White "nrvisakh"]
[Black "WPWPWP-2015"]
[Result "1-0"]
[WhiteElo "2906"]
[BlackElo "2522"]
[TimeControl "180+1"]
[EndTime "14:27:24 PDT"]
[Termination "nrvisakh won on time"]

1. Nf3 Nf6 2. b3 d5 3. Bb2 c6 4. e3 Bg4 5. Be2 Nbd7 6. O-O Qc7 7. c4 e6 8. Nc3 Bd6 9. d4 Bxf3 10.
Bxf3 Bxh2+ 11. Kh1 Bd6 12. e4 dxe4 13. Nxe4 O-O 14.
g3 Nxe4 15. Bxe4 Nf6 16. Bc2 Rad8 17. Kg2 e5 18. Rh1 h6 19. Qf3 exd4 20. Rxh6 gxh6 21. Qxf6 Be5 22. Qxh6 f5 23. Rh1 Qg7 24. Qe6+ Rf7 25.
Bxf5 Qf6 26. Bh7+ Kf8 27. Ba3+ Bd6 28. Bxd6+ Rxd6 29. Qe2 d3 30. Bxd3 Rxd3 31. Qxd3 Qxf2+ 32. Kh3 Rf6 33. Kg4 Rf7 34. Rh8+ Kg7 35. Rh7+ Kg8 36.
Rxf7 Kxf7 37. Qf5+ 1-0

[Event "Late-Titled-Tuesday-Blitz-May-28-2024"]
[Site "Chess.com"]
[Date "2024.05.28"]
[Round "3"]
[White "cassoulet"]
[Black "FredddieCroderg"]
[Result "1-0"]
[WhiteElo "2721"]
[BlackElo "2280"]
[TimeControl "180+1"]
[EndTime "14:27:25 PDT"]
[Termination "cassoulet won on time"]

1. d4 d5 2. Bf4 Nf6 3. e3 e6 4.
Nd2 Bd6 5. Bg3 O-O 6. Ngf3 c5 7. c3 Nc6 8. Bd3 b6 9. Qe2 Bb7 10. Ne5 Qc7 11. f4 Ne7 12. Bh4 Ne4 13. Nxe4 dxe4 14.
Bc2 Nf5 15. Bf2 cxd4 16. exd4 e3 17. Bxe3 Nxe3 18. Qxe3 Bxg2 19. Rg1 Bb7 20. O-O-O g6 21. h4 f5 22. h5 Bxe5 23. fxe5 Rf7 24. hxg6 Rg7 25.
gxh7+ Kh8 26. Qh6 Re8 27. Rg6 Rxh7 28. Qg5 Qf7 29. Rg1 a6 30. Bd1 b5 31. Bh5 Qe7 32.
Rg8+ 1-0

[Event "Late-Titled-Tuesday-Blitz-May-28-2024"]
[Site "Chess.com"]
[Date "2024.05.28"]
[Round "3"]
[White "CristhianPortalR"]
[Black "carloseduar100"]
[Result "1-0"]
[WhiteElo "2544"]
[BlackElo "2290"]
[TimeControl "180+1"]
[EndTime "14:27:29 PDT"]
[Termination "CristhianPortalR won by resignation"]

1. e4 e6 2. d4 d5 3. Nc3 Nf6 4. e5 Nfd7 5. f4 c5 6. Nf3 Nc6 7. Be3 Qb6 8. a3 cxd4 9. Nxd4 Bc5 10. Na4 Qa5+ 11. b4 Nxb4 12. axb4 Bxb4+ 13. Bd2 O-O 14. Bxb4 Qxb4+ 15. c3 Qe7 16. Bd3 g6 17. O-O a6 18.
Nb2 Qc5 19. Qd2 b5 20. Kh1 Bb7 21. Nb3 Qc7 22. Nd1 Nb6 23. Nf2 Nc4 24. Qc1 Rac8 25. Ng4 h5 26. Nf6+ Kg7 27. Nd4 Nb6 28. Qe3 Nd7 29. f5 exf5 30. Nxf5+ 1-0

[Event "Late-Titled-Tuesday-Blitz-May-28-2024"]
[Site "Chess.com"]
[Date "2024.05.28"]
[Round "3"]
[White "GlavkonVVS"]
[Black "emeli_chess"]
[Result "1-0"]
[WhiteElo "2582"]
[BlackElo "2423"]
[TimeControl "180+1"]
[EndTime "14:27:30 PDT"]
[Termination "GlavkonVVS won by checkmate"]

1. c4 e6 2. Nc3 d5 3. d4 Bb4 4. Nf3 Nf6 5. Bg5 h6 6. Bh4 c5 7. dxc5 g5 8. Bg3 Qa5 9. Qc2 Ne4 10. Rc1 Qxa2 11. Be5 Rg8 12. cxd5 exd5 13. e3 Nc6 14. Bb5 Bd7 15. O-O Bxc3 16. Bxc3 Nxc3 17. Qxc3 d4 18. Nxd4 Nxd4 19. Bxd7+ Kxd7 20. Qxd4+ Kc8 21. c6 Qe6 22. cxb7+ Kxb7 23. Qb4+ Qb6 24. Qe7+ Ka6 25. Ra1+ Kb5 26. Qd7+ Kb4 27. Qa4+ Kc5 28. Rfd1 Rgd8 29.
Rac1# 1-0

[Event "Late-Titled-Tuesday-Blitz-May-28-2024"]
[Site "Chess.com"]
[Date "2024.05.28"]
[Round "3"]
[White "LastGladiator1"]
[Black "Tibmat"]
[Result "1-0"]
[WhiteElo "2991"]
[BlackElo "2683"]
[TimeControl "180+1"]
[EndTime "14:27:31 PDT"]
[Termination "LastGladiator1 won by resignation"]

1. c4 b6 2. d4 Bb7 3. Nc3 Nf6 4. Qc2 d5 5. cxd5 Nxd5 6. e4 Nxc3 7. bxc3 e6 8. Nf3 Be7 9. h4 c5 10. Bb5+ Bc6 11.
Bd3 Nd7 12. O-O O-O 13. d5 exd5 14. exd5 Bxd5 15. Bxh7+ Kh8 16. Be4 Nf6 17. Bxd5 Qxd5 18. Re1 Rfe8 19. c4 Qb7 20. Ng5 Kg8 21. Bb2 g6 22. Re6 Bd8 23. Rxf6 Bxf6 24. Bxf6 Qc6 25. Bb2 Re7 26. h5 Rae8 27. h6 Re1+ 28. Rxe1 Rxe1+ 29. Kh2 Qd6+ 30. g3 1-0

[Event "Late-Titled-Tuesday-Blitz-May-28-2024"]
[Site "Chess.com"]
[Date "2024.05.28"]
[Round "3"]
[White "ChessWarrior3"]
[Black "MKlose11"]
[Result "0-1"]
[WhiteElo "2442"]
[BlackElo "2608"]
[TimeControl "180+1"]
[EndTime "14:27:32 PDT"]
[Termination "MKlose11 won by resignation"]

1. e4 e6 2. d4 d5 3. Nc3 Bb4 4. e5 Ne7 5. Qg4 Ng6 6. h4 h5 7. Qg3 Nc6 8. Nf3 Nce7 9. Bg5 c5 10. a3 Bxc3+ 11. bxc3 cxd4 12. cxd4 Qa5+ 13. Nd2 Nf5 14. Qd3 Bd7 15. f3 a6 16. c4 dxc4 17. Qxc4 Rc8 18. Qd3 Bb5 19. Qe4 Qc3 20. Bxb5+ axb5 21. O-O Ng3 22.
Qxb7 Qxd4+ 23. Rf2 Qxa1+ 24. Kh2 O-O 25. Kxg3 Qxe5+ 26.
f4 Rc3+ 27. Nf3 Qf5 28. Qb6 f6 29. Qd4 Rd3 30. Qb4 fxg5 31. fxg5 Ne5 32. Kh2 Nxf3+ 33. Rxf3 Rxf3 34. gxf3 Qxf3 35. Qd2 Qf2+ 36. Qxf2 Rxf2+ 0-1

[Event "Late-Titled-Tuesday-Blitz-May-28-2024"]
[Site "Chess.com"]
[Date "2024.05.28"]
[Round "3"]
[White "JonasGallasch"]
[Black "OIAM03"]
[Result "1-0"]
[WhiteElo "2423"]
[BlackElo "2038"]
[TimeControl "180+1"]
[EndTime "14:27:34 PDT"]
[Termination "JonasGallasch won on time"]

1. d4 Nf6 2. Bg5 g6 3. Bxf6 exf6 4. e3 Bg7 5. Nf3 O-O 6. c4 d5 7.
Nc3 c6 8. cxd5 cxd5 9. Qb3 Nc6 10. Qxd5 Qb6 11. Qb5 Qc7 12. Be2 Bd7 13. Qb3 Na5 14. Qd1 Nc4 15. Bxc4 Qxc4 16. Qe2 Be6 17. Qxc4 Bxc4 18.
Nd2 Ba6 19. Nde4 f5 20. Nc5 Bc4 21. b3 Be6 22. O-O b6 23. Nxe6 fxe6 24. Rac1 Rfd8 25. Nb5 e5 26. Nc7 Rab8 27. Ne6 exd4 28. Nxd8 Rxd8 29.
exd4 Rxd4 30. Rfd1 Rxd1+ 31. Rxd1 Bc3 32. Rd8+ Kf7 33. Rd7+ Ke6 34. Rxa7 1-0

[Event "Late-Titled-Tuesday-Blitz-May-28-2024"]
[Site "Chess.com"]
[Date "2024.05.28"]
[Round "3"]
[White "norwaytoadog"]
[Black "ChadBiryani"]
[Result "0-1"]
[WhiteElo "2309"]
[BlackElo "2545"]
[TimeControl "180+1"]
[EndTime "14:27:35 PDT"]
[Termination "ChadBiryani won on time"]

1. e4 d6 2. d4 Nf6 3. Nc3 e5 4. Nf3 Nbd7 5. Rg1 h6 6. g4 c6 7.
h4 d5 8. Nxe5 Nxe4 9. Nxe4 dxe4 10. Nxd7 Bxd7 11. g5 hxg5 12. hxg5 Qb6 13. Bc4 Qb4+ 14.
c3 Qxc4 15. Bf4 O-O-O 16. Qc2 Bf5 17. O-O-O Bd6 18. Be3 Kb8 19. b3 Qa6 20. Kb1 Bg6 21. Rd2 Rh2 22. b4 Qc4 23. Kb2 Rdh8 0-1

[Event "Late-Titled-Tuesday-Blitz-May-28-2024"]
[Site "Chess.com"]
[Date "2024.05.28"]
[Round "3"]
[White "WoodlandMagic"]
[Black "manitodeplomo"]
[Result "1-0"]
[WhiteElo "2837"]
[BlackElo "2512"]
[TimeControl "180+1"]
[EndTime "14:27:37 PDT"]
[Termination "WoodlandMagic won by resignation"]

1. Nc3 c5 2. Nf3 e6 3. g3 a6 4.
Bg2 b5 5. O-O Bb7 6. d3 Nf6 7.
e4 d6 8. h3 Nc6 9. Re1 Be7 10. e5 dxe5 11. Nxe5 Qc7 12. Bf4 Bd6 13. Ng4 Nxg4 14. Nd5 Qd8 15. Qxg4 Kf8 16. Bg5 h5 17. Qh4 f6 18. Nxf6 gxf6 19. Bxf6 Be7 20. Rxe6 Rh7 21.
Bxc6 Bxc6 22. Rxc6 Qd5 23. Rc7 Re8 24. Bxe7+ Rexe7 25. Qf6+ Qf7 26. Rc8+ Re8 27. Rxe8+ Kxe8 28. Re1+ Kd7 29.
Qxa6 1-0

[Event "Late-Titled-Tuesday-Blitz-May-28-2024"]
[Site "Chess.com"]
[Date "2024.05.28"]
[Round "3"]
[White "BabageldiAnnaberdiyev"]
[Black "merinasian"]
[Result "1-0"]
[WhiteElo "2595"]
[BlackElo "2433"]
[TimeControl "180+1"]
[EndTime "14:27:39 PDT"]
[Termination "BabageldiAnnaberdiyev won by resignation"]

1. e4 d6 2. d4 Nd7 3. Nc3 g6 4.
h4 h6 5. Be3 Bg7 6. f3 a6 7. a4 b6 8. Bc4 Bb7 9. Nh3 e6 10. Qd2 Ne7 11. Nf2 d5 12. exd5 Nxd5 13. Nxd5 Bxd5 14. Bxd5 exd5 15. Nd3 Kf8 16. b4 Kg8 17.
Kf2 Kh7 18. b5 axb5 19. axb5 Rxa1 20. Rxa1 Qxh4+ 21. Kg1 Bxd4 22. c3 Be5 23. Nxe5 Nxe5 24. Qxd5 Qg3 25. Bd4 Re8 26. Bxe5 Qxe5 27. Qxf7+ Kh8 28.
Rd1 Qc5+ 29. Rd4 Qe5 30. Qxg6 Qe1+ 31. Kh2 Qh4+ 32. Rxh4 1-0

[Event "Late-Titled-Tuesday-Blitz-May-28-2024"]
[Site "Chess.com"]
[Date "2024.05.28"]
[Round "3"]
[White "Ramosha"]
[Black "RichardShtivelband"]
[Result "1-0"]
[WhiteElo "2565"]
[BlackElo "2391"]
[TimeControl "180+1"]
[EndTime "14:27:40 PDT"]
[Termination "Ramosha won by resignation"]

1. e4 e5 2. Nf3 Nc6 3. d4 exd4 4. Nxd4 Nf6 5. Nxc6 bxc6 6. Bd3 Bc5 7. O-O d6 8. Nc3 Bg4 9. Qe1 O-O 10. Be3 Bb6 11.
h3 Bh5 12. Qd2 Re8 13. Rfe1 Bg6 14. Bg5 h6 15. Bh4 Qe7 16. Rad1 Qe5 17. a3 Nh5 18. Kh1 Qf4 19. Qxf4 Nxf4 20. Ne2 Nxd3 21. cxd3 c5 22.
Nf4 Ba5 23. Re2 Bh7 24. Nd5 Kf8 25. f4 c6 26. Nc3 f5 27. e5 dxe5 28. fxe5 g5 29. Bf2 Bb6 30. Na4 f4 31. Bxc5+ Bxc5 32. Nxc5 Rad8 33. d4 Bg6 34. Red2 Kf7 35. Rc1 Bh5 36. Nb3 Re6 37. Rd3 Kg6 38. Rdc3 Kf5 39. Rxc6 Rxc6 40. Rxc6 f3 41. Rf6+ Ke4 42. gxf3+ Bxf3+ 43.
Kh2 Bd1 44. Nc5+ Ke3 45. e6 Rxd4 46. e7 Rd2+ 47. Kg3 h5 48. e8=Q+ 1-0

[Event "Late-Titled-Tuesday-Blitz-May-28-2024"]
[Site "Chess.com"]
[Date "2024.05.28"]
[Round "3"]
[White "DeTimmerman"]
[Black "SHIVACalypso"]
[Result "1-0"]
[WhiteElo "2748"]
[BlackElo "2546"]
[TimeControl "180+1"]
[EndTime "14:27:41 PDT"]
[Termination "DeTimmerman won by resignation"]

1. b4 a5 2. b5 a4 3. Bb2 Nf6 4. c4 e6 5. a3 d5 6. e3 dxc4 7.
Bxc4 Nbd7 8. Nf3 Nb6 9. Be2 Bd6 10. O-O O-O 11. d4 Bd7 12. Nbd2 Qe8 13. Rb1 Bxb5 14.
Bxb5 Qxb5 15. Bc3 Qh5 16. Bb4 Bxb4 17. Rxb4 Rfd8 18. Qc2 Nfd5 19. Rb5 Qg6 20. Qb2 h5 21. Ne5 Qf6 22. Ne4 Qe7 23. Nc5 Rab8 24. Qc2 c6 25. Rb2 Nd7 26. Nexd7 Rxd7 27. Nxd7 Qxd7 28. Rfb1 b5 29. Rc1 Ne7 30. Qc5 f6 31.
Qxh5 Nd5 32. Qd1 b4 33. Qxa4 Qd6 34. Qxc6 Qxc6 35. Rxc6 Ra8 36. a4 Rxa4 37. g3 Kf7 38. e4 Nc3 39. f3 Ra1+ 40. Kg2 Na2 41. Ra6 1-0

[Event "Late-Titled-Tuesday-Blitz-May-28-2024"]
[Site "Chess.com"]
[Date "2024.05.28"]
[Round "3"]
[White "crazycheesecake"]
[Black "Timurist"]
[Result "0-1"]
[WhiteElo "2138"]
[BlackElo "2397"]
[TimeControl "180+1"]
[EndTime "14:27:42 PDT"]
[Termination "Timurist won on time"]

1. e4 c5 2. Nf3 Nc6 3. d4 cxd4 4. Nxd4 g6 5. c4 Bg7 6. Nc2 Nf6 7. Nc3 O-O 8. Be2 d6 9. O-O a5 10. Be3 Nd7 11. Qd2 a4 12. Nd4 Nxd4 13. Bxd4 Qa5 14.
Bxg7 Kxg7 15. Qd4+ Kg8 16. Nd5 Re8 17. b4 Qd8 18.
Rfd1 Ne5 19. c5 Nc6 20. Qd2 dxc5 21. b5 Nd4 22. Bc4 Bg4 23. f3 Bxf3 24. Rf1 Bxe4 25.
Ne3 e6 26. Rad1 Nf3+ 0-1

[Event "Late-Titled-Tuesday-Blitz-May-28-2024"]
[Site "Chess.com"]
[Date "2024.05.28"]
[Round "3"]
[White "Orest_Vovk"]
[Black "JaackCamel"]
[Result "1-0"]
[WhiteElo "2519"]
[BlackElo "2228"]
[TimeControl "180+1"]
[EndTime "14:27:45 PDT"]
[Termination "Orest_Vovk won by resignation"]

1. h4 d5 2. h5 h6 3. e4 dxe4 4. Nc3 Nf6 5. Qe2 Nc6 6. Nxe4 Qd4 7. Rh4 Nxe4 8. Rxe4 Qd5 9. c3 Bf5 10. Ra4 e6 11. g4 Bh7 12. d4 Be7 13. Nf3 O-O 14. Bg2 Qd6 15. Ne5 Nxe5 16. dxe5 Qd7 17. Rd4 Qc8 18. Be3 c6 19. O-O-O Bc5 20. Rd7 Bb6 21. g5 hxg5 22. Bxg5 Qe8 23. h6 f6 24. Rxg7+ Kh8 25. Rdd7 Bf5 26. Bxf6 Rxf6 27. exf6 Qf8 28. Qe5 Rd8 29. f7 1-0

[Event "Late-Titled-Tuesday-Blitz-May-28-2024"]
[Site "Chess.com"]
[Date "2024.05.28"]
[Round "3"]
[White "alexrustemov"]
[Black "Ykow"]
[Result "1-0"]
[WhiteElo "2852"]
[BlackElo "2560"]
[TimeControl "180+1"]
[EndTime "14:27:49 PDT"]
[Termination "alexrustemov won by resignation"]

1. d4 d5 2. c4 e5 3. dxe5 d4 4. Nf3 Nc6 5. a3 Nge7 6. b4 Ng6 7. Bb2 Bg4 8. Nbd2 Qd7 9. g3 a5 10. b5 Ncxe5 11. Bg2 Bh3 12. O-O Bxg2 13. Kxg2 Bc5 14.
Nb3 Ba7 15. Bxd4 Bxd4 16. Qxd4 Qxd4 17. Nbxd4 O-O-O 18. Rac1 Nxf3 19. Nxf3 Rhe8 20. Rc2 Ne5 21. Nxe5 Rxe5 22. a4 Rd4 23. Rfc1 Kd7 24. e3 Rd3 25. c5 c6 26. Rc4 cxb5 27. axb5 Rb3 28. c6+ bxc6 29.
bxc6+ Kc7 30. Rd1 Re7 31. Rd5 a4 32. Ra5 1-0

[Event "Late-Titled-Tuesday-Blitz-May-28-2024"]
[Site "Chess.com"]
[Date "2024.05.28"]
[Round "3"]
[White "nitpicker"]
[Black "JohnWhite1952"]
[Result "0-1"]
[WhiteElo "2321"]
[BlackElo "2021"]
[TimeControl "180+1"]
[EndTime "14:27:50 PDT"]
[Termination "JohnWhite1952 won on time"]

1. d4 Nf6 2. c4 g6 3. Nc3 d5 4.
Qb3 dxc4 5. Qxc4 Bg7 6. e4 O-O 7. Be2 Nfd7 8. Nf3 Nc6 9. Be3 Nb6 10. Qc5 Bg4 11. O-O-O a5 12. Kb1 a4 13. h3 Bxf3 14.
Bxf3 a3 15. b4 Na4 16. Nxa4 Rxa4 17. e5 Rxb4+ 18. Ka1 Rb6 19. Qxa3 Nxe5 20. Be2 Nc6 21. Rd2 Nxd4 0-1

[Event "Late-Titled-Tuesday-Blitz-May-28-2024"]
[Site "Chess.com"]
[Date "2024.05.28"]
[Round "3"]
[White "RAU4ever"]
[Black "N_Mullodzhanov"]
[Result "1/2-1/2"]
[WhiteElo "2343"]
[BlackElo "2509"]
[TimeControl "180+1"]
[EndTime "14:27:52 PDT"]
[Termination "Game drawn by repetition"]

1. e4 c6 2. d4 d5 3. e5 Bf5 4. Nf3 e6 5. Be2 c5 6. Be3 Qb6 7. Nc3 Qxb2 8. Nb5 c4 9. Nc7+ Kd7 10. Nxa8 Bxc2 11. Qc1 Ba3 12. O-O Nc6 13. Ne1 Ba4 14. Qxb2 Bxb2 15. Rb1 c3 16. Nd3 Bc2 17. Nxb2 Bxb1 18.
Na4 Bxa2 19. Nxc3 Bc4 20. Bxc4 dxc4 21. Rb1 Kc8 22. Nb5 Kb8 23. Nac7 Nge7 24. Nd6 Kxc7 25. Rxb7+ Kd8 26. Nxf7+ Kc8 27. Nd6+ Kd8 28. Nf7+ Kc8 29.
Nd6+ Kd8 30. Nf7+ 1/2-1/2

[Event "Late-Titled-Tuesday-Blitz-May-28-2024"]
[Site "Chess.com"]
[Date "2024.05.28"]
[Round "3"]
[White "Onthequiet"]
[Black "karinachess1"]
[Result "0-1"]
[WhiteElo "2447"]
[BlackElo "2617"]
[TimeControl "180+1"]
[EndTime "14:27:53 PDT"]
[Termination "karinachess1 won by checkmate"]

1. d4 Nf6 2. Nf3 e6 3. c4 d5 4. Nc3 Bb4 5. a3 Bxc3+ 6. bxc3 O-O 7. Bg5 c5 8. cxd5 exd5 9. e3 h6 10. Bh4 g5 11. Bg3 Ne4 12. dxc5 Nc6 13. Nd4 Nxc3 14. Qh5 Ne4 15. Bd3 Qa5+ 16. Kf1 Nxd4 17. Bxe4 Qa6+ 18. Ke1 Nb3 19. Bd6 Qa5+ 20. Kf1 Qc3 21. Bh7+ Kxh7 22.
Bxf8 Qxa1+ 23. Ke2 Qb2+ 24. Kf3 Nd2+ 25. Kg3 Ne4+ 26.
Kf3 Qxf2# 0-1

[Event "Late-Titled-Tuesday-Blitz-May-28-2024"]
[Site "Chess.com"]
[Date "2024.05.28"]
[Round "3"]
[White "zsizsi99"]
[Black "rhwr"]
[Result "1-0"]
[WhiteElo "2547"]
[BlackElo "2340"]
[TimeControl "180+1"]
[EndTime "14:27:54 PDT"]
[Termination "zsizsi99 won by checkmate"]

1. e4 c5 2. Nf3 d6 3. Bb5+ Nd7 4. d4 cxd4 5. Qxd4 a6 6. Bxd7+ Bxd7 7. O-O Qc7 8. Nc3 e5 9. Nd5 Qd8 10. Nxe5 Be6 11. Nc4 Nf6 12. Bg5 Be7 13. Nxe7 Qxe7 14.
Nxd6+ Kf8 15. e5 Rg8 16. exf6 gxf6 17. Bh6+ Rg7 18. Bxg7+ Kxg7 19. Rfe1 Kh8 20. Ne4 Kg7 21. Nc5 Rd8 22. Nxe6+ fxe6 23. Rxe6 Qf8 24. Qg4+ Kh8 25. Rae1 Qf7 26. Re7 Qg6 27. Qxg6 hxg6 28. Rxb7 Rd2 29. Re8# 1-0

[Event "Late-Titled-Tuesday-Blitz-May-28-2024"]
[Site "Chess.com"]
[Date "2024.05.28"]
[Round "3"]
[White "yobdc"]
[Black "protectiago"]
[Result "1-0"]
[WhiteElo "2535"]
[BlackElo "2132"]
[TimeControl "180+1"]
[EndTime "14:27:54 PDT"]
[Termination "yobdc won by checkmate"]

1. e4 e5 2. Nf3 Nc6 3. Bc4 Bc5 4. c3 Nf6 5. d4 exd4 6. e5 d5 7. Bb5 Ne4 8. cxd4 Bb6 9. Nc3 Bg4 10. Be3 O-O 11. h3 Bh5 12. Qc2 Bg6 13. Qb3 Ne7 14.
O-O c6 15. Bd3 Nf5 16. Qc2 Nxe3 17. fxe3 f5 18. exf6 Rxf6 19. Nxe4 dxe4 20. Bxe4 Bxe4 21. Qxe4 Qf8 22. Ng5 g6 23. Qh4 Rxf1+ 24. Rxf1 Qe7 25. Rf3 Bd8 26. Qe4 Qxg5 27. Qe8+ Kg7 28. Qf8# 1-0

[Event "Late-Titled-Tuesday-Blitz-May-28-2024"]
[Site "Chess.com"]
[Date "2024.05.28"]
[Round "3"]
[White "Mikhail_Bryakin"]
[Black "ATM622"]
[Result "1/2-1/2"]
[WhiteElo "2842"]
[BlackElo "2587"]
[TimeControl "180+1"]
[EndTime "14:27:56 PDT"]
[Termination "Game drawn by repetition"]

1. e4 c6 2. d4 d5 3. Nc3 dxe4 4. Nxe4 Bf5 5. Ng3 Bg6 6. h4 h6 7. Nf3 Nd7 8. h5 Bh7 9. Bd3 Bxd3 10. Qxd3 Ngf6 11.
Bd2 e6 12. O-O-O Be7 13. Kb1 O-O 14. Ne4 Nxe4 15. Qxe4 Nf6 16. Qe2 Qd5 17. c4 Qe4+ 18. Qxe4 Nxe4 19. Be1 Rfd8 20. Kc2 Rac8 21. Ne5 Bf6 22.
f3 Nd6 23. b3 Nf5 24. Bf2 c5 25. g4 Nxd4+ 26. Bxd4 cxd4 27. Rhe1 b5 28. Kd3 Bxe5 29.
Rxe5 bxc4+ 30. bxc4 Rc6 31. a4 f6 32. Rb5 Rdc8 33.
Rc1 e5 34. a5 Rc5 35. Rb7 Rxa5 36. Ke4 Rac5 37. Kf5 R5c7 38. Rxc7 Rxc7 39. Ke6 d3 40. c5 d2 41. Rd1 Rxc5 42. Rxd2 Rc3 43. Rd8+ Kh7 44.
Kf7 Rc7+ 45. Ke6 Rb7 46. Ra8 Rb6+ 47. Kf7 Rb7+ 48. Ke6 Rb3 49. Kf7 Rb7+ 50. Ke6 1/2-1/2

[Event "Late-Titled-Tuesday-Blitz-May-28-2024"]
[Site "Chess.com"]
[Date "2024.05.28"]
[Round "3"]
[White "only_strong_moves"]
[Black "Msb2"]
[Result "0-1"]
[WhiteElo "2711"]
[BlackElo "3032"]
[TimeControl "180+1"]
[EndTime "14:27:57 PDT"]
[Termination "Msb2 won by resignation"]

1. Nc3 d5 2. e4 e6 3. d4 Nf6 4.
e5 Nfd7 5. Nce2 c5 6. c3 Nc6 7. Nf3 Be7 8. Nf4 cxd4 9. cxd4 Qb6 10. a3 g5 11. Ne2 g4 12. Nfg1 Na5 13. f3 Nb3 14. Rb1 h5 15. h3 g3 16. h4 Nxe5 17. Bf4 Nc6 18. Bxg3 Bf6 19. Bf2 Nbxd4 20. Nxd4 Bxd4 21.
Bxd4 Qxd4 22. Qxd4 Nxd4 23. Ne2 Nxe2 24. Bxe2 Bd7 25. Rc1 Bc6 26. b4 a6 27. Kf2 Ke7 28. Rhe1 Kd6 29. Bd3 e5 30. Rcd1 f6 31. Rc1 Raf8 32.
Bf5 Bd7 33. Bxd7 Kxd7 34. Red1 d4 35. Rc5 Rc8 36. Rdc1 Rxc5 37. Rxc5 Rc8 38. Rxc8 Kxc8 39. g4 Kd7 40. Ke2 hxg4 41. fxg4 e4 42. a4 b5 43. a5 Ke6 44. h5 Kf7 45. Kd2 Kg7 46.
Ke2 Kh6 47. Kf2 f5 48. gxf5 Kxh5 49. Kg3 Kg5 50. f6 Kxf6 51. Kf4 e3 52. Ke4 e2 53.
Kxd4 e1=Q 54. Kc5 Qe6 55. Kd4 Qc4+ 0-1

[Event "Late-Titled-Tuesday-Blitz-May-28-2024"]
[Site "Chess.com"]
[Date "2024.05.28"]
[Round "3"]
[White "Byniolus"]
[Black "OparinGrigoriy"]
[Result "0-1"]
[WhiteElo "2729"]
[BlackElo "3059"]
[TimeControl "180+1"]
[EndTime "14:28:00 PDT"]
[Termination "OparinGrigoriy won by resignation"]

1. d4 Nf6 2. Nf3 d5 3. Bf4 e6 4. e3 c5 5. c3 Nc6 6. Nbd2 cxd4 7. cxd4 Nh5 8. Be5 f6 9. Bg3 Qb6 10. Qb3 Qxb3 11. Nxb3 Bd7 12. a3 g6 13. Be2 Nxg3 14.
hxg3 Bd6 15. Rc1 b6 16. Ba6 Rb8 17. Bb5 Rc8 18. Nfd2 Ke7 19. Nb1 h5 20. Nc3 Na5 21.
Bxd7 Nxb3 22. Bxc8 Nxc1 23. Ba6 Nb3 24. Ke2 f5 25. Kd3 Bb8 26. Kc2 Na5 27. Kd3 Kf6 28. b4 Nc6 29. Ne2 g5 30. Rc1 Ne7 31. a4 h4 32. gxh4 Rxh4 33. g3 Rh2 34. Rf1 Bd6 35.
b5 Ng8 36. Ng1 g4 37. Ne2 Ke7 38. Bb7 Nf6 39. Bc6 Ne4 40. f3 Nf2+ 41. Kc3 gxf3 42.
Ng1 Ne4+ 0-1

[Event "Late-Titled-Tuesday-Blitz-May-28-2024"]
[Site "Chess.com"]
[Date "2024.05.28"]
[Round "3"]
[White "Maikrosoft63"]
[Black "TheoSlade"]
[Result "0-1"]
[WhiteElo "2596"]
[BlackElo "2460"]
[TimeControl "180+1"]
[EndTime "14:28:02 PDT"]
[Termination "TheoSlade won by resignation"]

1. e4 e5 2. Nc3 Nf6 3. f4 d5 4. fxe5 Nxe4 5. Qf3 f5 6. d3 Nxc3 7. bxc3 d4 8. Qg3 dxc3 9. Be2 Be6 10. Bf3 Nc6 11.
Ne2 Qd7 12. O-O Bc5+ 13. Kh1 O-O-O 14. Nf4 Nd4 15. Rb1 Nxf3 16. Qxf3 Bd5 17. Nxd5 Qxd5 18.
Qxd5 Rxd5 19. Rxf5 g6 20. Rf7 Rxe5 21. Bf4 Re7 22.
Rxe7 Bxe7 23. Be5 Rf8 24. Kg1 Bc5+ 25. d4 Bd6 26. Bxd6 cxd6 27. Rb3 Kd7 28. Rxb7+ Kc6 29. Rxa7 Rb8 30. Ra3 Kd5 31. Rxc3 Kxd4 32. Rd3+ Kc5 33. Rb3 Ra8 34. a3 Ra4 35. Kf2 Rf4+ 36. Rf3 Rc4 37.
c3 Ra4 38. Ke3 Rxa3 39. Kd3 Ra2 40. Rg3 Kd5 41. Rg5+ Ke6 42. c4 Kf6 43. h4 h6 44.
Rg3 Ra3+ 45. Kd4 Rxg3 0-1